 Dungeon Crawl Stone Soup version 0.30-a0-738-g116ff8c4af (webtiles) character file.

Game seed: 4544529643599491083

6529 avis the Skirmisher (level 10, -3/81 HPs)
             Began as a Demigod Hunter on Feb 3, 2023.
             Killed by an exploding wolf (14 damage)
             ... ignited by their inner flame
             ... on level 1 of the Lair of Beasts.
             The game lasted 01:02:30 (8599 turns).

avis the Skirmisher (Demigod Hunter)                Turns: 8599, Time: 01:02:30

Health: -3/81      AC:  6    Str: 12    XL:     10   Next: 42%
Magic:  13/13      EV: 22    Int: 11    God:
Gold:   374        SH:  0    Dex: 29    Spells: 9/9 levels left

rFire   + . .      SeeInvis .    b - +0 shortbow
rCold   + . .      Faith    .    (shield currently unavailable)
rNeg    . . .      Spirit   .    p - +0 leather armour of Knowledge {Regen+}
rPois   +          Reflect  .    V - +2 hat {Will+}
rElec   +          Harm     +    y - scarf {harm}
rCorr   +          Rampage  .    n - +0 pair of gloves
Will    ++...                    (no boots)
Stlth   +++                      (no amulet)
HPRegen 1.13/turn                m - ring of flight
MPRegen 0.13/turn                (no ring)

@: resistant, flying
A: high MP 1, forlorn, divine attributes
a: no special abilities


You were on level 1 of the Lair of Beasts.
You visited 3 branches of the dungeon, and saw 10 of its levels.
You also visited: Sewer.

You collected 374 gold pieces.

Inventory:

Hand Weapons
 a - a +0 scimitar
 b - a +0 shortbow (weapon)
 c - a +1 dagger of venom
 w - a +2 short sword of holy wrath
Missiles
 S - 2 throwing nets
Armour
 n - a +0 pair of gloves (worn)
 p - the +0 leather armour of Knowledge (worn) {Regen+}
   (You found it on level 2 of the Dungeon)

   Regen:     It increases your rate of health regeneration.
 y - a scarf of harm (worn)
 V - a +2 hat of willpower (worn)
Jewellery
 m - a ring of flight (left hand)
Wands
 r - a wand of flame (17)
 s - a wand of paralysis (10)
 x - a wand of roots (15)
Scrolls
 d - 2 scrolls of immolation
 f - a scroll of vulnerability {unknown}
 j - 2 scrolls of poison
 l - 5 scrolls of teleportation {unknown}
 z - 3 scrolls of enchant weapon {unknown}
 B - 2 scrolls of enchant armour {unknown}
 C - 2 scrolls of brand weapon {unknown}
 H - 2 scrolls of fog {unknown}
 I - a scroll of fear {unknown}
 K - a scroll of silence {unknown}
 M - 2 scrolls of magic mapping {unknown}
Potions
 e - 9 potions of curing
 g - 3 potions of magic
 h - a potion of resistance
 i - 2 potions of might
 k - a potion of lignification
 u - 2 potions of cancellation
 E - 4 potions of attraction {unknown}
 F - a potion of experience {unknown}
 G - 2 potions of invisibility
 N - a potion of degeneration {unknown}
 P - a potion of brilliance
 T - a potion of berserk rage {unknown}


   Skills:
 - Level 5.0 Fighting
 - Level 4.0 Long Blades
 - Level 10.0 Ranged Weapons
 - Level 10.0 Dodging
 * Level 2.7 Stealth


You had 9 spell levels left.
You didn't know any spells.
Your spell library contained the following spells:

 Spells                   Type           Power      Damage    Failure   Level
 Sandblast                Erth           0%         2d4       41%         1
 Lesser Beckoning         Tloc           0%         N/A       56%         2
 Passwall                 Tmut/Erth      0%         N/A       56%         2
 Dazzling Flash           Conj/Hex       0%         N/A       80%         3
 Gell's Gravitas          Tloc           0%         N/A       80%         3
 Ignite Poison            Fire/Tmut/Pois 0%         N/A       80%         3
 Kindle Blastsparks       Fire/Tloc/Air  0%         2d10      80%         3
 Stone Arrow              Conj/Erth      0%         3d7       80%         3
 Teleport Other           Tloc           0%         N/A       80%         3
 Iskenderun's Mystic Bla  Conj/Tloc      0%         2d3       99%         4
 Agony                    Necr           0%         N/A       100%        5
 Freezing Cloud           Conj/Ice/Air   0%         6-21      100%        5
 Silence                  Hex/Air        0%         N/A       100%        5
 Starburst                Conj/Fire      0%         6d3       100%        6


Dungeon Overview and Level Annotations

Branches:
Dungeon (8/15)             Temple (1/1) D:4            Lair (1/5) D:8
  Sewer (visited)

Annotations:
D:2 exclusion: downstairs
D:7 2 transporters, Grum; gabagool's ghost, novice MfGl


Innate Abilities, Weirdness & Mutations

You have an increased reservoir of magic. (+10% MP)
You shall have no god before yourself.
Your divine heritage dramatically boosts your attributes as you level up.


Message History

The wolf closely misses you. The wolf barely misses you.
The wolf misses you. x2
The wolf completely misses you. The wolf misses you.
The wolf bites you but does no damage.
Fire: b) +0 shortbow
Press: ? - help, Q - select action, (/) - cycle Shift-Dir - straight line, f - wolf, p - wolf
Aim: a wolf (heavily wounded, inner flame, 60% to hit)
You shoot an arrow. The arrow misses the wolf.
The wolf closely misses you. The wolf bites you.
The wolf completely misses you. The wolf barely misses you.
The wolf completely misses you. x2; The wolf misses you.
Fire: b) +0 shortbow
Press: ? - help, Q - select action, (/) - cycle Shift-Dir - straight line, f/p - wolf
Aim: a wolf (heavily wounded, inner flame, 60% to hit)
You shoot an arrow. The arrow barely misses the wolf.
The wolf closely misses you. The wolf bites you but does no damage.
The wolf barely misses you. The wolf bites you. The wolf misses you. x2
The wolf completely misses you. The wolf misses you.
Fire: b) +0 shortbow
Press: ? - help, Q - select action, (/) - cycle Shift-Dir - straight line, f/p - wolf
Aim: a wolf (heavily wounded, inner flame, 60% to hit)
You shoot an arrow. The arrow closely misses the wolf.
The wolf barely misses you. The wolf completely misses you.
The wolf bites you but does no damage. x2; The wolf bites you!
Fire: b) +0 shortbow
Press: ? - help, Q - select action, (/) - cycle Shift-Dir - straight line, f/p - wolf
Aim: a wolf (heavily wounded, inner flame, 60% to hit)
You shoot an arrow. The arrow hits the wolf.
Flame seeps out of the wolf.
The wolf is severely wounded.
The wolf closely misses you. The wolf bites you. The wolf barely misses you.
The wolf is engulfed in blazing flames.
The wolf explodes!
The fiery explosion engulfs you. You resist.
The fiery explosion engulfs the wolf!!
The fiery explosion engulfs the wolf!
The fiery explosion engulfs the wolf!!!
The wolf explodes!
The fiery explosion engulfs you! You resist.
* * * LOW HITPOINT WARNING * * *
The wolf explodes!
The fiery explosion engulfs you! You resist.
You die...

#...# #...# #...#
#...# #...##### #
##...##..######
.#.#.#..§§§.........
........§§§.........
.......§○@§.........
P#####.#§#######P###
##### ##


There were no monsters in sight!

Vanquished Creatures
  Gastronok (Lair:1)
  Joseph (D:8)
  A cane toad (Lair:1)
  Grinder (D:3)
  A hornet (D:8)
  Sigmund (D:3)
  4 yaks (D:8)
  A wraith (D:8)
  A steam dragon (D:6)
  Menkaure (D:6)
  2 wargs
  A water moccasin (D:6)
  2 black bears
  An ice beast (D:6)
  3 orc warriors
  2 centaurs
  2 ogres
  5 wolves (Lair:1)
  A phantom (D:5)
  2 bullfrogs
  8 wights
  A howler monkey (D:4)
  2 quasits (D:8)
  3 jellies
  3 hounds
  8 orc priests
  2 gnoll boudas
  4 iguanas
  11 orc wizards
  Natasha (thrice) (D:4)
  Robin (D:3)
  8 gnolls
  10 adders
  2 river rats
  5 shadow imps (D:8)
  6 white imps
  3 ufetubi (D:8)
  2 worms
  5 dart slugs
  37 orcs
  7 ball pythons
  8 bats
  3 endoplasms (Sewer)
  A giant cockroach (D:1)
  12 goblins
  10 hobgoblins
  3 jackals
  15 kobolds
  A quokka (D:5)
  13 frilled lizards
  10 rats
241 creatures vanquished.

Vanquished Creatures (others)
  9 demonic plants (D:8)
  2 fungi (Lair:1)
  15 plants
26 creatures vanquished.

Grand Total: 267 creatures vanquished

Notes
Turn   | Place    | Note
-------+----------+-------------------------------------------
     0 | D:1      | avis the Demigod Hunter began the quest for the Orb.
     0 | D:1      | Reached XP level 1. HP: 17/17 MP: 3/3
   329 | D:1      | Reached XP level 2. HP: 24/24 MP: 4/4
   352 | D:1      | Reached skill level 1 in Stealth
   963 | D:2      | Reached XP level 3. HP: 30/30 MP: 5/5
  1630 | D:2      | Identified the +0 leather armour of Knowledge {Regen+}
  1774 | D:3      | Noticed Sigmund
  2009 | D:3      | Reached XP level 4. HP: 31/38 MP: 6/6
  2146 | D:3      | Noticed Grinder
  2419 | D:3      | Noticed Robin
  2425 | D:3      | Killed Robin
  2521 | D:3      | Killed Sigmund
  2522 | D:3      | Reached XP level 5. HP: 26/45 MP: 7/7
  2699 | D:4      | Reached XP level 6. HP: 51/51 MP: 8/8
  2981 | D:4      | Noticed Natasha
  2993 | D:4      | Killed Natasha
  3142 | D:4      | Found a staircase to the Ecumenical Temple.
  3148 | Temple   | Entered the Ecumenical Temple
  3601 | D:5      | Entered Level 5 of the Dungeon
  3671 | D:4      | Noticed Natasha
  3680 | D:4      | Killed Natasha
  3769 | D:4      | Noticed Natasha
  3772 | D:4      | Killed Natasha
  3963 | D:5      | Reached XP level 7. HP: 30/57 MP: 9/9
  4138 | D:5      | Found a glowing drain.
  4143 | Sewer    | Entered a sewer
  4979 | D:3      | Killed Grinder
  4980 | D:3      | Reached skill level 5 in Dodging
  4980 | D:3      | Reached XP level 8. HP: 47/63 MP: 10/10
  5261 | D:6      | Noticed Menkaure
  5277 | D:6      | Killed Menkaure
  5603 | D:6      | Identified the +3 ring mail of Xeibith {+Blink Str-3 Slay+6
                  | SInv}
  6306 | D:6      | Reached skill level 10 in Ranged Weapons
  6370 | D:6      | Upgraded the game from 0.30-a0-737-gf23d94013f to
                  | 0.30-a0-738-g116ff8c4af
  6449 | D:7      | Reached XP level 9. HP: 69/69 MP: 11/11
  6537 | D:7      | Noticed Grum
  6861 | D:7      | Found a transporter.
  6922 | D:7      | Noticed gabagool's ghost (novice MfGl)
  6931 | D:7      | Found a transporter.
  6933 | D:7      | Identified the +2 trident of Zisac {chaos, *Rage Int+5}
  6935 | D:7      | Identified the ring "Waot" {rPois Will+ Str+3 Int+3}
  7513 | D:8      | Noticed Joseph
  7528 | D:8      | Killed Joseph
  7784 | D:8      | Found a staircase to the Lair.
  7892 | D:8      | Reached XP level 10. HP: 63/80 MP: 13/13
  7942 | D:8      | Reached skill level 5 in Fighting
  8397 | Lair:1   | Entered Level 1 of the Lair of Beasts
  8397 | Lair:1   | Noticed Gastronok
  8461 | Lair:1   | Killed Gastronok
  8546 | Lair:1   | Reached skill level 10 in Dodging
  8599 | Lair:1   | Killed by an exploding wolf... ignited by their inner flame

Illustrated notes

Levels and vault maps discovered:
D:1:      amcnicky_arrival_wind_blow, layout_basic, minmay_misc_feat_tower,
          minivault_27, minmay_lizard_king
D:2:      layout_basic
D:3:      layout_loops_ring, fiery_altar_vehumet, mainiacjoe_overflow_boulevard,
          uniq_sigmund, uniq_grinder, uniq_robin
D:4:      layout_loops_corners, marbit_many_paths, lemuel_round_altar,
          minmay_temple_entry_enclosed_plants, chequers_arboretum, uniq_natasha
D:5:      layout_loops_ring, tso_metal_star, lightli_sewer_entry_pipes
D:6:      layout_loops_corners, trog_hazing_becter, kennysheep_mini_moat,
          uniq_menkaure
D:7:      layout_rooms, nemelex_xobeh_ov_fountains_minmay,
          gammafunk_ghost_gnarly_gnolls
D:8:      layout_loops_ring, erik_lair_orcish_takeover, serial_demonic,
          serial_demonic_f, serial_demonic_e, serial_demonic_c,
          serial_demonic_e, serial_demonic_a, serial_demonic_a,
          serial_demonic_b, serial_demonic_b, uniq_grum, uniq_joseph
Temple:   hellmonk_temple_beads
Lair:1:   layout_chaotic_city, uniq_gastronok, uniq_urug, uniq_harold

Skill      XL: |  1  2  3  4  5  6  7  8  9 10 |
---------------+-------------------------------+-----
Fighting       | 2 3 4 5 |  5.0
Ranged Weapons | 4 6 8 10 | 10.0
Dodging        | 2 4 5 6 9 10 | 10.0
Stealth        | 1 2 |  2.7
Long Blades    | 2 4 |  4.0

Action                     |  1- 3 |  4- 6 |  7- 9 | 10-12 || total
---------------------------+-------+-------+-------+-------++-------
  Melee: Scimitar          |       |       |     1 |       ||     1
   Fire: Shortbow          |   134 |   106 |   559 |    87 ||   886
  Throw: Dart              |       |     5 |     9 |       ||    14
  Evoke: Wand              |       |       |       |     1 ||     1
    Use: Potion            |       |     2 |     4 |     2 ||     8
         Scroll            |       |     8 |     1 |     1 ||    10
 Armour: Leather armour    |    22 |    20 |    53 |    14 ||   109
  Dodge: Dodged            |    36 |    55 |   274 |   123 ||   488

Table legend: (Time is in decaauts)
 A = Elapsed time spent in this place.
 B = Non-inter-level travel time spent in this place.
 C = Inter-level travel time spent in this place.
 D = Time resting spent in this place.
 E = Time spent auto-exploring this place.
 F = Levels seen in this place.
 G = Mean time per level.
                   A        B        C        D        E       F      G
               +--------+--------+--------+--------+--------+-----+--------+
         Total |   8779 |   7409 |   1370 |    591 |   4174 |  11 |  798.1 |
       Dungeon |   8343 |   6973 |   1370 |    581 |   4088 |   8 | 1042.9 |
        Temple |     26 |     26 |      0 |      0 |      0 |   1 |   26.0 |
          Lair |    159 |    159 |      0 |     10 |     49 |   1 |  159.0 |
         Sewer |    249 |    249 |      0 |      0 |     37 |   1 |  249.0 |
               +--------+--------+--------+--------+--------+-----+--------+

Top non-repeatable levels by time:
     D:4: 1368 daAuts
     D:6: 1322 daAuts
     D:5: 1105 daAuts
     D:8: 1051 daAuts
     D:1: 1010 daAuts
     D:3: 927 daAuts
     D:2: 872 daAuts
     D:7: 684 daAuts
   Sewer: 249 daAuts
  Lair:1: 159 daAuts
  Temple: 26 daAuts
